 Dungeon Crawl Stone Soup version 0.31.0-32-g396128a36d (webtiles) character file.

Game seed: 2262039175562003418

2816 KittyFluff the Changeling (level 9, 0/76 (85) HPs)
             Began as a Troll Shapeshifter on Apr 13, 2024.
             Was an Elder of Trog.
             Slain by a wight
             ... wielding a +4 spear
              (1 damage)
             ... on level 8 of the Dungeon.
             The game lasted 00:30:19 (6225 turns).

KittyFluff the Changeling (Troll Shapeshifter)      Turns: 6225, Time: 00:30:19

HP:   0/76 (85)     AC:  4    Str: 28    XL:     9   Next: 44%
MP:   8/8           EV: 10    Int:  6    God:    Trog [****..]
Gold: 396           SH:  0    Dex:  9    Spells: 5/8 levels left

rFire   + .          .
                       - Unarmed
rCold   . . .        (no shield)
rNeg    . . .        H - +0 robe
rPois   .            (helmet currently unavailable)
rElec   .            (cloak currently unavailable)
rCorr   .            (gloves unavailable)
SInv    .            (boots unavailable)
Will    +....        f - amulet of regeneration
Stlth   +            m - ring of protection from fire
HPRegen 1.92/turn    J - ring of Dosyd {Wiz Will+}
MPRegen 0.11/turn

%: wizardry (x1)
@: beast-form, heavily drained
A: beast (slay +4), large, unfitting armour, claws 3, regeneration 1, shaggy fur
1, tough skin 1
a: Begin Untransformation, Renounce Religion, Berserk, Trog's Hand, Brothers in
Arms


You were on level 8 of the Dungeon.
You worshipped Trog.
Trog was greatly pleased with you.
You were a hulking beast.
You visited 1 branch of the dungeon, and saw 8 of its levels.
You also visited: Ossuary.

You collected 396 gold pieces.

Inventory:

Hand Weapons
 p - a +4 quarterstaff of chaos
 t - a +0 sling
 K - a +0 morningstar of holy wrath
 P - a +0 spear
 Q - the +6 flail "Nick" {flame, rPois Int+2}
   (You found it on level 6 of the Dungeon)

   Int+2:     It affects your intelligence (+2).
   rPois:     It protects you from poison
Missiles
 g - 62 stones (quivered)
 w - 12 poisoned darts
 R - a throwing net
Armour
 D - a +0 buckler
 G - a +2 cloak
 H - a +0 robe (worn)
 I - a +0 hat
Jewellery
 a - an amulet of faith
 f - an amulet of regeneration (around neck)
 m - a ring of protection from fire (left claw)
 u - a +6 ring of intelligence
 y - an amulet of magic regeneration
 J - the ring of Dosyd (right claw) {Wiz Will+}
   (You found it on level 5 of the Dungeon)

   [ring of wizardry]

   Wiz:       It improves your spell success rate.
   Will+:     It increases your willpower.
Talismans
 c - a beast talisman
 d - a flux talisman
Wands
 k - a wand of light (11)
 o - a wand of flame (19)
 q - a wand of polymorph (6)
 L - a wand of iceblast (8)
Scrolls
 i - a scroll of fear {unknown}
 j - 3 scrolls of revelation {unknown}
 l - 2 scrolls of blinking {unknown}
 n - a scroll of torment {unknown}
 s - 2 scrolls of acquirement {unknown}
 v - a scroll of immolation
 E - 3 scrolls of enchant weapon {unknown}
 F - 2 scrolls of vulnerability {unknown}
 M - a scroll of enchant armour
 N - 3 scrolls of teleportation {unknown}
 S - a scroll of fog {unknown}
Potions
 b - 5 potions of lignification
 e - 2 potions of haste
 h - 4 potions of heal wounds
 r - 2 potions of curing {unknown}
 x - a potion of cancellation {unknown}
 z - a potion of might {unknown}
 A - a potion of mutation {unknown}
 B - a potion of magic {unknown}
 C - a potion of attraction {unknown}
 O - 3 potions of berserk rage {unknown}


   Skills:
 + Level 4.4 Fighting
 + Level 4.6 Throwing
 + Level 4.6 Dodging
 + Level 6.0 Unarmed Combat
 * Level 7.6 Shapeshifting


You had 5 spell levels left.
You knew the following spells:

 Your Spells              Type           Power      Damage    Failure   Level
a - Slow                  Hex            0%         N/A       21%         1
b - Blink                 Tloc           0%         N/A       28%         2

Your spell library contained the following spells:

 Spells                   Type           Power      Damage    Failure   Level
 Lesser Beckoning         Tloc           0%         N/A       28%         2
 Momentum Strike          Conj/Tloc      0%         3d8       28%         2
 Scorch                   Fire           0%         2d5       28%         2
 Confusing Touch          Hex            0%         N/A       50%         3
 Sigil of Binding         Hex            0%         N/A       50%         3
 Vampiric Draining        Necr           0%         2d6       50%         3
 Flame Wave               Conj/Fire      0%         2d4       86%         4
 Summon Cactus Giant      Summ           0%         N/A       100%        6


Dungeon Overview and Level Annotations

Branches:
Dungeon (8/15)             Temple (0/1) D:6         Ossuary (visited)
   Lair: D:8-11

Altars:
Cheibriados
Gozag
Trog
Yredelemnul
Zin
The Shining One

Shops:
D:7 [


Innate Abilities, Weirdness & Mutations

You are a hulking beast.
Your limbs bulge with bestial killing power. (Slay +4)
You are too large for most types of armour.
You have claws for hands.
Your natural rate of healing is unusually fast.
You are covered in fur. (AC +1)
You have tough skin. (AC +1)


Message History

You closely miss the wight.
The wight is severely damaged.
The wight barely misses you. The wight hits you with a +0 flail!
You closely miss the wight.
The wight is severely damaged.
The wight hits you from afar with a +4 spear!
The wight barely misses you.
You claw the wight!
You destroy the wight!
Trog accepts your kill. The wight closely misses you.
The wight closely misses you. The wight hits you with a +4 spear.
You feel drained.
Things that are here:
a +0 flail; a +0 robe You scratch the wight.
The wight is moderately damaged.
The wight hits you but does no damage. The wight misses you.
You closely miss the wight.
The wight is moderately damaged.
The wight hits you with a +0 great sword!
You feel drained. The wight hits you with a +4 spear!
You scratch the wight.
The wight is moderately damaged.
The wight hits you with a +0 great sword!
The wight hits you with a +4 spear.
* * * LOW HITPOINT WARNING * * *
You scratch the wight.
The wight is heavily damaged.
The wight hits you with a +0 great sword.
* * * LOW HITPOINT WARNING * * *
The wight hits you with a +4 spear!
* * * LOW HITPOINT WARNING * * *
You feel drained.
* * * LOW HITPOINT WARNING * * *
The wight attacks as it pursues you! The wight barely misses you.
The wight hits you from afar with a +4 spear.
* * * LOW HITPOINT WARNING * * *
You feel drained.
You die...

.. ...# .#
#.........# ... ##.#
# #.##.###.## .#. .#
# #.# #.# ### # #.#
#.# ..#.# #.# #.#
###.#[ #.# #.# ....
..# #.#
#.####z##########.#
#......zh.........#
........############
........# ........#
........# ........#
........# #########


You could see 2 wights.

Vanquished Creatures
  The ghost of PaiMei the Artisan of Death, a novice DsNe of Kikubaaqudgha (D:6)
  A steam dragon (D:8)
  An ice beast (D:6)
  A black bear (D:6)
  An ogre (D:7)
  2 phantoms
  4 elf zombies
  2 bullfrogs
  3 scorpions
  A wight (D:8)
  2 bombardier beetles
  3 human zombies
  2 orc priests
  A gnoll bouda (D:7)
  6 hounds
  2 jellies
  Crazy Yiuf (D:2)
  A human skeleton (D:5)
  3 iguanas
  6 orc wizards
  A hound zombie (Ossuary)
  4 mummies (Ossuary)
  3 gnolls (D:7)
  6 adders
  7 river rats (D:5)
  A shadow imp (D:6)
  4 white imps
  2 ribbon worms
  2 dart slugs (D:1)
  20 orcs
  2 endoplasms
  2 giant cockroaches (D:1)
  5 goblins
  5 hobgoblins
  8 jackals
  5 quokkas
  3 ball pythons
  5 bats
  4 frilled lizards
  A gnoll zombie (Ossuary)
  2 goblin zombies
  6 hobgoblin zombies
  A jackal zombie (Ossuary)
  5 kobolds
  A kobold skeleton (D:3)
  3 kobold zombies
  3 orc zombies
  19 rats
  2 rat zombies (Ossuary)
176 creatures vanquished.

Notes
Turn   | Place    | Note
-------+----------+-------------------------------------------
     0 | D:1      | KittyFluff the Troll Shapeshifter began the quest for the
                  | Orb.
     0 | D:1      | Reached XP level 1. HP: 18/18 MP: 0/0
    85 | D:1      | Reached skill level 1 in Fighting
    86 | D:1      | Reached XP level 2. HP: 27/27 MP: 1/1
   381 | D:1      | Reached XP level 3. HP: 33/33 MP: 2/2
   907 | D:2      | Found a runed translucent door.
   908 | D:2      | Noticed Crazy Yiuf
   916 | D:2      | Killed Crazy Yiuf
  1424 | D:2      | Reached XP level 4. HP: 41/41 MP: 3/3
  1544 | D:2      | Learned a level 1 spell: Slow
  1547 | D:2      | Learned a level 2 spell: Blink
  1909 | D:3      | Reached skill level 1 in Throwing
  2051 | D:3      | Found a snail-covered altar of Cheibriados.
  2051 | D:3      | Found an opulent altar of Gozag.
  2058 | D:3      | Found a basalt altar of Yredelemnul.
  2060 | D:3      | Found a bloodstained altar of Trog.
  2061 | D:3      | Found a faded altar of an unknown god.
  2074 | D:3      | Became a worshipper of Trog the Wrathful
  2245 | D:3      | Reached skill level 4 in Shapeshifting
  2250 | D:3      | Found a glowing golden altar of the Shining One.
  2261 | D:3      | Reached XP level 5. HP: 44/49 MP: 4/4
  2593 | D:4      | Reached * piety under Trog
  3630 | D:5      | Entered Level 5 of the Dungeon
  3666 | D:5      | Reached XP level 6. HP: 57/57 MP: 5/5
  3854 | D:5      | Identified the ring of Dosyd {Wiz Will+}
  3866 | D:5      | Reached ** piety under Trog
  3959 | D:5      | Reached skill level 5 in Shapeshifting
  3959 | D:5      | Reached XP level 7. HP: 66/66 MP: 6/6
  3973 | D:5      | Found a sand-covered staircase.
  3982 | Ossuary  | Entered an ossuary
  4387 | D:5      | Reached XP level 8. HP: 75/75 MP: 7/7
  4390 | D:5      | Reached *** piety under Trog
  4572 | D:6      | Reached skill level 6 in Shapeshifting
  4639 | D:6      | Reached skill level 5 in Unarmed Combat
  4700 | D:6      | Found a staircase to the Ecumenical Temple.
  5175 | D:6      | Found a runed translucent door.
  5190 | D:6      | Noticed PaiMei's ghost (novice DsNe)
  5226 | D:6      | Killed PaiMei's ghost
  5227 | D:6      | Reached skill level 7 in Shapeshifting
  5227 | D:6      | Reached XP level 9. HP: 26/84 MP: 8/8
  5232 | D:6      | Identified the +6 flail "Nick" {flame, rPois Int+2}
  5495 | D:7      | Found a glowing silver altar of Zin.
  5641 | D:7      | Found Nyoboufa's Antique Armour Shop.
  5917 | D:7      | Reached **** piety under Trog
  6225 | D:8      | HP: 1/78 [wight/+4 spear (6)]
  6225 | D:8      | Slain by a wight

Illustrated notes

Levels and vault maps discovered:
D:1:      ncdulo_watergridlock, layout_basic, minmay_misc_feat_ornament
D:2:      layout_loops_ring, serial_aquarium, aquarium_bridge_square
          [aquarium_subvault_wall, aquarium_subvault_window,
          aquarium_subvault_bridge, aquarium_subvault_wall],
          aquarium_window_corridor_2, aquarium_window_1, aquarium_view_2d,
          aquarium_view_2d, nicolae_hexahallways, uniq_crazy_yiuf_cottage
D:3:      layout_loops_corners, chequers_temple_overflow_minitemple,
          nicolae_tso_besieged_by_evil, corexii_item_surrounded_by_moat
D:4:      layout_layer_cave
D:5:      layout_rooms, nicolae_ossuary_entry_catacombs, dk_rats_in_the_wall
D:6:      black_bear_nest_2, layout_gridville, minmay_temple_entry_offerings,
          ebering_ghost_reflecting_pool
D:7:      layout_rooms, nicolae_overflow_crystal_walls, serial_shops, shop,
          minmay_crossroads
D:8:      layout_basic, enter_bailey_5

Skill      XL: |  1  2  3  4  5  6  7  8  9 |
---------------+----------------------------+-----
Fighting       | 1 2 3 4 |  4.4
Dodging        | 2 3 4 |  4.6
Throwing       | 1 2 3 4 |  4.6
Shapeshifting  | 4 5 7 |  7.6
Unarmed Combat | 4 5 6 |  6.0

Action                     |  1- 3 |  4- 6 |  7- 9 || total
---------------------------+-------+-------+-------++-------
  Melee: Unarmed           |    73 |   158 |   282 ||   513
         Punch             |       |     3 |    12 ||    15
    Use: Scroll            |       |       |     5 ||     5
 Armour: Animal skin       |    35 |   105 |    85 ||   225
         Robe              |       |       |   119 ||   119
  Dodge: Dodged            |    35 |    68 |   127 ||   230
